 Dungeon Crawl Stone Soup version 0.25-a0-253-g6f1b5d974a (webtiles) character file.

Game seed: 11379334159543149993, levelgen mode: classic

359 Borgoz the Skirmisher (level 6, -4/39 HPs)
             Began as a Gargoyle Fighter on Dec 6, 2019.
             Slain by Menkaure (13 damage)
             ... on level 4 of the Dungeon.
             The game lasted 00:06:33 (2894 turns).

Borgoz the Skirmisher (Gargoyle Fighter)            Turns: 2894, Time: 00:06:34

Health: -4/39      AC: 12    Str: 21    XL:     6   Next: 65%
Magic:  6/6        EV: 10    Int:  9    God:
Gold:   197        SH:  0    Dex:  9    Spells: 5/5 levels left

rFire    . . .     SeeInvis .   a - +0 long sword
rCold    . . .     Gourm    .   (no shield)
rNeg     + . .     Faith    .   b - +1 scale mail
rPois    ∞         Spirit   .   g - +0 hat
rElec    +         Reflect  .   (no cloak)
rCorr    .         Harm     .   (no gloves)
MR       .....                  (no boots)
Stlth    ..........             (no amulet)
HPRegen  0.13/turn              j - ring of attention (curse)
MPRegen  0.10/turn              (no ring)

@: no status effects
A: negative energy resistance 1, electricity resistance, unbreathing,
petrification resistance, rot immunity, AC +4
a: no special abilities


You were on level 4 of the Dungeon.
You were hungry.

You visited 1 branch of the dungeon, and saw 4 of its levels.
You also visited: Sewer.

You collected 197 gold pieces.

Inventory:

Hand Weapons
 a - a +0 long sword (weapon)
Armour
 b - a +1 scale mail (worn)
 g - a +0 hat (worn)
Jewellery
 j - a cursed ring of attention (left hand)
Wands
 l - a wand of random effects (9)
Scrolls
 e - 8 scrolls of teleportation
 h - a scroll of blinking {unknown}
 i - 3 scrolls of identify {unknown}
 k - 2 scrolls of fog {unknown}
 n - a scroll of immolation {unknown}
Potions
 c - 2 potions of magic
 d - 3 potions of flight
Comestibles
 f - 10 rations


   Skills:
 + Level 4.6 Fighting
 * Level 4.1 Long Blades
 + Level 4.5 Armour
 + Level 2.1 Dodging
   Level 3.2 Shields


You had 5 spell levels left.
You didn't know any spells.
Your spell library was empty.

Dungeon Overview and Level Annotations

Branches:
Dungeon (4/15)              Sewer (visited)
 Temple: D:4-7

Altars:
Fedhas

Annotations:
D:4 Menkaure


Innate Abilities, Weirdness & Mutations

You are resistant to torment.
Your stone body is resilient. (AC +4)
You are immune to poison.
You resist negative energy. (rN+)
You are resistant to electric shocks. (rElec)
You can survive without breathing.
You are immune to petrification.
You are immune to rotting.


Message History

You are too injured to fight recklessly!
You are too injured to fight recklessly!
You are too injured to fight recklessly!
You are too injured to fight recklessly!
You are too injured to fight recklessly!
You hit Menkaure but do no damage.
Menkaure is heavily damaged.
Menkaure calls on the powers of darkness!
Your body is wracked with pain!
Okay, then.
It was a potion of magic.
Magic courses through your body. Menkaure hits you.
* * * LOW HITPOINT WARNING * * *
You hit Menkaure but do no damage.
Menkaure is heavily damaged.
Menkaure casts a spell.
Menkaure seems to speed up.
You hit Menkaure but do no damage.
Menkaure is heavily damaged.
Menkaure hits you!
You die...

#.....#### #..####
...... ##.## #......
#..# ....... ##.##
##...... ####..#
###.....[
#.##.#######.....#
##.......<.†....##
##.......##..@M.#
#############.......
...%... .......
###.... .... ...
.... #.......)....
#............


You could see Menkaure.

Vanquished Creatures
  A scorpion (D:4)
  2 merfolk sirens (Sewer)
  A worker ant (D:4)
  A merfolk avatar (Sewer)
  6 river rats
  4 adders
  An ooze (D:1)
  2 dart slugs
  6 leopard geckos
  5 orcs
  8 bats
  A giant cockroach (Sewer)
  10 goblins
  7 hobgoblins
  11 jackals
  2 quokkas (D:2)
  9 ball pythons
  10 frilled lizards
  8 kobolds
  26 rats
121 creatures vanquished.

Notes
Turn   | Place    | Note
-------+----------+-------------------------------------------
     0 | D:1      | Borgoz the Gargoyle Fighter began the quest for the Orb.
     0 | D:1      | Reached XP level 1. HP: 14/14 MP: 1/1
    11 | D:1      | Reached XP level 2. HP: 15/19 MP: 2/2
   214 | D:1      | You fall into a shaft and drop 1 floor!
   219 | D:2      | Reached XP level 3. HP: 18/23 MP: 3/3
   459 | D:2      | Reached skill level 1 in Dodging
   563 | D:2      | Reached XP level 4. HP: 28/29 MP: 4/4
  1171 | D:3      | Reached XP level 5. HP: 12/33 MP: 5/5
  1181 | D:3      | Found a glowing drain.
  1201 | Sewer    | Entered a sewer
  2023 | Sewer    | Noticed a malarious merfolk avatar
  2049 | Sewer    | Killed a malarious merfolk avatar
  2049 | Sewer    | Reached XP level 6. HP: 39/39 MP: 6/6
  2509 | D:3      | Found a faded altar of an unknown god.
  2662 | D:4      | Found a blossoming altar of Fedhas.
  2880 | D:4      | Noticed Menkaure
  2894 | D:4      | Slain by Menkaure

Levels and vault maps discovered:
D:1:      dpeg_arrival_pits, layout_loops_cross
D:2:      layout_rooms, first_ration
D:3:      layout_rooms, chequers_ecumenical_altar_simple_redux,
          gup_sewer_entry_bowl, minmay_misc_feat_pillars
D:4:      layout_layer_cave, fedhas_altar_1, uniq_menkaure, uniq_ijyb

Skill      XL: |  1  2  3  4  5  6 |
---------------+-------------------+-----
Long Blades    | 2 3 4 |  4.1
Dodging        | 1 2 |  2.1
Fighting       | 4 |  4.6
Armour         | 4 |  4.5
Shields        | |  3.2

Action                   |  1- 3 |  4- 6 || total
-------------------------+-------+-------++-------
Melee: Long sword        |   105 |   273 ||   378
  Use: Scroll            |     1 |     2 ||     3
       Potion            |       |     7 ||     7
  Eat: Chunk             |       |     7 ||     7
Armor: Scale mail        |    76 |   184 ||   260
Dodge: Dodged            |    63 |   188 ||   251
Block: Shield            |    10 |       ||    10
       Rpst.: Long sword |    18 |    52 ||    70

Table legend:
 A = Non-vault XP
 B = Vault XP
 C = Vault XP percentage of total XP
 D = Non-vault monster count
 E = Vault monster count
 F = Vault count percentage of total count
                 A         B        C        D         E       F
            +---------+---------+-------+---------+---------+-------
      Total |     278 |     235 |  45.8 |      76 |      45 |  37.2
            +---------+---------+-------+---------+---------+-------
        D:1 |      37 |       0 |   0.0 |      18 |       0 |   0.0
        D:2 |      70 |       0 |   0.0 |      35 |       0 |   0.0
        D:3 |      43 |      33 |  43.4 |      16 |       4 |  20.0
        D:4 |     128 |       0 |   0.0 |       7 |       0 |   0.0
      Sewer |       0 |     202 | 100.0 |       0 |      41 | 100.0
            +---------+---------+-------+---------+---------+-------
